 Dungeon Crawl Stone Soup version 0.23.2-30-g0e89c35649 (webtiles) character file.

Game seed: 12568750402787726435

1639 sankara the Poker (level 8, -1/58 HPs)
             Began as a Merfolk Ice Elementalist on June 18, 2019.
             Was a Follower of Ashenzari.
             Slain by Harold
             ... wielding a +0 flail
              (15 damage)
             ... on level 7 of the Dungeon on June 20, 2019.
             The game lasted 00:35:16 (6792 turns).

sankara the Poker (Merfolk Ice Elementalist)        Turns: 6792, Time: 00:35:17

Health: -1/58      AC: 10    Str: 13    XL:     8   Next: 99%
Magic:  11/16      EV: 13    Int: 15    God:    Ashenzari [*.....]
Gold:   324        SH:  0    Dex: 14    Spells: 9/17 levels left

rFire    . . .     SeeInvis .   a - +2 spear (venom) (curse)
rCold    . . .     Gourm    .   (no shield)
rNeg     . . .     Faith    +   i - +0 robe
rPois    +         Spirit   .   w - +0 helmet (curse)
rElec    .         Reflect  .   (no cloak)
rCorr    .         Harm     .   b - +1 pair of gloves {Str+3} (curse)
MR       .....                  (no boots)
Stlth    ++........             j - amulet of faith (curse) {Faith, !P}
HPRegen  0.19/turn              t - +5 ring of protection (curse)
MPRegen  0.15/turn              u - ring of poison resistance (curse) {rPois, !d}

@: marked
A: change form in water, swift swim, stealthy swim
a: Curse Item, Scrying, Renounce Religion


You were on level 7 of the Dungeon.
You worshipped Ashenzari.
Ashenzari was aware of your devotion.
You were hungry.

You visited 2 branches of the dungeon, and saw 8 of its levels.

You collected 324 gold pieces.

Inventory:

Hand Weapons
 a - a cursed +2 spear of venom (weapon)
   (You took it off a hobgoblin on level 1 of the Dungeon)
Missiles
 o - a throwing net {=f, !d}
 r - 117 stones (quivered)
Armour
 b - a cursed +1 pair of gloves of strength (worn)
   (You found it on level 4 of the Dungeon)
 i - a +0 robe (worn)
 w - a cursed +0 helmet (worn)
   (You found it on level 6 of the Dungeon)
Jewellery
 j - a cursed amulet of faith (around neck) {Faith, !P}
   (You took it off a hobgoblin on level 1 of the Dungeon)
 q - an uncursed amulet of the gourmand {Gourm, !d}
   (You found it on level 3 of the Dungeon)
 t - a cursed +5 ring of protection (left hand)
   (You found it on level 3 of the Dungeon)
 u - a cursed ring of poison resistance (right hand) {rPois, !d}
   (You found it on level 3 of the Dungeon)
 v - an uncursed ring of see invisible {sInv, !d}
   (You found it on level 3 of the Dungeon)
Wands
 A - a wand of scattershot (4)
   (You found it on level 7 of the Dungeon)
Scrolls
 g - 2 scrolls of teleportation {unknown}
 h - a scroll of fear {unknown}
 l - a scroll of enchant weapon {unknown}
 m - a scroll of magic mapping {unknown}
 p - a scroll of blinking {unknown}
 x - 2 scrolls of identify
 y - a scroll of remove curse
Potions
 d - 2 potions of heal wounds
 e - 3 potions of curing
 f - a potion of mutation {!q}
 k - a potion of lignification {!q}
 n - a potion of haste
 s - a potion of flight
 B - a potion of berserk rage {unknown}
Comestibles
 c - 9 rations


   Skills:
 - Level 3.0 Fighting
 + Level 7.3 Polearms
 - Level 2.6 Dodging
 - Level 2.1 Stealth
 + Level 5.4 Spellcasting
   Level 0.7 Conjurations
 - Level 3.1 Charms
 + Level 2.9 Summonings
 + Level 7.0 Ice Magic


You had 9 spell levels left.
You knew the following spells:

 Your Spells              Type           Power        Failure   Level  Hunger
a - Freeze                Ice            ####         1%          1    None
b - Ozocubu's Armour      Chrm/Ice       ###.....     5%          3    ###....
c - Summon Ice Beast      Ice/Summ       ###.....     21%         4    ####...

Your spell library contained the following spells:

 Spells                   Type           Power        Failure   Level  Hunger
 Throw Frost              Conj/Ice       ###...       4%          2    #......
 Beastly Appendage        Tmut           #.....       16%         1    None
 Sticks to Snakes         Tmut           #.......     24%         2    #......
 Throw Icicle             Conj/Ice       ###.....     30%         4    ####...
 Ice Form                 Ice/Tmut       ##......     36%         4    ####...
 Spider Form              Tmut/Pois      #.........   43%         3    ###....
 Blade Hands              Tmut           #.........   99%         5    ######.


Dungeon Overview and Level Annotations

Branches:
Dungeon (7/15)             Temple (1/1) D:4

Altars:
Ashenzari
Cheibriados
Dithmenos
Elyvilon
Fedhas
Gozag
Hepliaklqana
Kikubaaqudgha
Makhleb
Nemelex Xobeh
Okawaru
Qazlal
Ru
Sif Muna
Trog
Uskayaw
Vehumet
Wu Jian
Xom
Yredelemnul
Zin
The Shining One

Shops:
D:5 %

Annotations:
D:4 2 transporters, Hycrow's ghost, novice DsGl
D:7 Harold


Message History

The centaur shouts!
The centaur wields a +0 shortbow.
The centaur shoots an arrow.
The arrow barely misses you.
Your icy armour cracks and falls away as you move.
Harold points at you and mumbles some strange words.
You barely resist.
The centaur shoots an arrow.
The arrow hits you.
You see here an arrow.
The centaur shoots an arrow.
The arrow closely misses you.
Harold throws a throwing net.
The throwing net closely misses you.
The centaur shoots an arrow.
The arrow closely misses you.
You see here 2 arrows.
Harold throws a throwing net.
The throwing net closely misses you. The throwing net hits your ice beast.
Your ice beast is caught in the net!
The centaur shoots an arrow.
The arrow hits you.
You see here an arrow.
The centaur shoots an arrow.
The arrow hits you!
Your ice beast struggles against the net.
Harold casts a spell at you. A sentinel's mark forms upon you.
Your ice beast struggles against the net.
You see here an arrow.
The centaur unwields a +0 shortbow.
The centaur barely misses you. Harold completely misses you.
Your ice beast struggles against the net.
The centaur closely misses you.
Attack whom?
Press: ? - help, Dir - move target cursor, f - Harold
Aim: Harold, wielding a +0 flail and wearing a +0 scale mail You hit Harold.
Harold is poisoned.
Harold is lightly wounded.
Harold closely misses you. The centaur barely misses you.
Attack whom?
Press: ? - help, Dir - move target cursor, f/p - Harold
Aim: Harold, wielding a +0 flail and wearing a +0 scale mail (lightly wounded, poisoned)
You hit Harold.
Harold looks as sick as possible!
Harold is lightly wounded.
Your ice beast struggles against the net.
The centaur hits you but does no damage.
Harold hits you with a +0 flail!
Attack whom?
Press: ? - help, Dir - move target cursor, f/p - Harold
Aim: Harold, wielding a +0 flail and wearing a +0 scale mail (lightly wounded, poisoned)
You hit Harold.
Harold looks as sick as possible!
Harold is lightly wounded.
The centaur hits you.
Your ice beast struggles against the net.
The net rips apart, and your ice beast comes free!
Attack whom?
Press: ? - help, Dir - move target cursor, f/p - Harold
Aim: Harold, wielding a +0 flail and wearing a +0 scale mail (lightly wounded, poisoned)
You hit Harold.
Harold looks as sick as possible!
Harold is lightly wounded.
The centaur hits you. Harold hits you with a +0 flail.
* * * LOW HITPOINT WARNING * * *
The centaur wields a +0 shortbow.
The centaur shoots an arrow.
The arrow barely misses you.
Harold throws a throwing net.
The throwing net hits you.
You become entangled in the net!
Things that are here:
a throwing net {=f, !d}; an arrow You struggle against the net.
The centaur unwields a +0 shortbow.
The centaur closely misses you.
You struggle against the net.
The centaur hits you.
* * * LOW HITPOINT WARNING * * *
Harold shouts, "Can you die now?
I had plans for the rest of the day!"
Your ice beast hits the centaur but does no damage.
You rip the net and break free!
The centaur closely misses you. The centaur misses you.
Your ice beast hits the centaur.
Your ice beast freezes the centaur!
You swap places.
The centaur barely misses you.
Your ice beast hits the centaur.
Your ice beast freezes the centaur!
The centaur dies!
Your ice beast hits Harold.
Your ice beast freezes Harold!
Attack whom?
Press: ? - help, Dir - move target cursor, f/p - Harold
Aim: Harold, wielding a +0 flail and wearing a +0 scale mail (heavily wounded, poisoned)
You reach to attack!
You hit Harold.
Harold looks as sick as possible!
Harold is heavily wounded.
Harold throws a throwing net.
The throwing net barely misses you.
Attack whom?
Press: ? - help, Dir - move target cursor, f/p - Harold
Aim: Harold, wielding a +0 flail and wearing a +0 scale mail (heavily wounded, poisoned)
You reach to attack!
You hit Harold.
Harold looks as sick as possible!
Harold is severely wounded.
Your ice beast hits Harold but does no damage.
Attack whom?
Press: ? - help, Dir - move target cursor, f/p - Harold
Aim: Harold, wielding a +0 flail and wearing a +0 scale mail (severely wounded, poisoned)
You reach to attack!
You are feeling hungry.
You barely miss Harold.
Harold is severely wounded.
Your ice beast barely misses Harold.
Attack whom?
Press: ? - help, Dir - move target cursor, f/p - Harold
Aim: Harold, wielding a +0 flail and wearing a +0 scale mail (severely wounded, poisoned)
You hit Harold.
Harold looks as sick as possible!
Harold is severely wounded.
Harold hits you with a +0 flail!
You die...

...........##..#...)....
#.##......<.......#### ...
#.##.##.######.#### ..
#.......# #...# ..
####.#### #...# . #.##
#...# ..#####(.# #...# .
#.......# #...# ...
#.####.@#######...##
...$.#.####(@#...........
........(((((Y)..(.>......
$.....#..#.#.##...<.......
..$...#>.#.#.########.Sc##
.?... #......# ..# #####
#..#.### .# .....# #...#.#


You could see Harold and a friendly ice beast.

Vanquished Creatures
  Duvessa (D:5)
  An ice beast (D:5)
  A phantom (D:6)
  An ogre (D:5)
  A centaur (D:6)
  2 scorpions (D:5)
  Dowan (D:5)
  A crimson imp (D:6)
  2 centaur zombies (D:7)
  2 bullfrog zombies (D:5)
  2 hounds
  A jelly (D:6)
  A bullfrog skeleton (D:5)
  An orc priest (D:7)
  An iguana (D:4)
  4 orc wizards
  4 worker ants
  A hound skeleton (D:4)
  2 worker ant zombies (D:3)
  10 gnolls
  10 adders
  An adder skeleton (D:7)
  4 worms
  4 dart slugs
  A leopard gecko (D:3)
  7 orcs
  4 giant cockroaches
  6 goblins
  10 hobgoblins
  6 jackals
  3 kobolds
  3 quokkas
  A ball python (D:6)
  10 bats
  4 frilled lizards
  A giant cockroach zombie (D:3)
  A leopard gecko skeleton (D:4)
  7 rats
123 creatures vanquished.

Vanquished Creatures (collateral kills)
  An ogre (D:6)
  A centaur (D:7)
  A bullfrog skeleton (D:5)
  An iguana (D:5)
  An orc wizard (D:6)
  2 adders (D:6)
  3 orcs (D:6)
10 creatures vanquished.

Vanquished Creatures (others)
  A rat (D:1)
  A plant (D:1)
2 creatures vanquished.

Grand Total: 135 creatures vanquished

Notes
Turn   | Place    | Note
-------+----------+-------------------------------------------
     0 | D:1      | sankara the Merfolk Ice Elementalist began the quest for
                  | the Orb.
     0 | D:1      | Reached XP level 1. HP: 13/13 MP: 3/3
   212 | D:1      | Reached XP level 2. HP: 19/19 MP: 0/5
   717 | D:1      | HP: 3/19 [hobgoblin (2)]
   932 | D:1      | Reached XP level 3. HP: 20/24 MP: 4/6
   946 | D:1      | Learned a level 3 spell: Ozocubu's Armour
  1198 | D:1      | Reached skill level 4 in Ice Magic
  1561 | D:2      | Reached skill level 1 in Polearms
  1775 | D:2      | Reached XP level 4. HP: 27/30 MP: 8/8
  1783 | D:2      | Reached skill level 3 in Spellcasting
  2019 | D:2      | Reached skill level 2 in Polearms
  2440 | D:3      | Learned a level 4 spell: Summon Ice Beast
  2586 | D:3      | Reached XP level 5. HP: 33/35 MP: 9/9
  3007 | D:4      | Reached skill level 3 in Polearms
  3170 | D:4      | Reached skill level 5 in Ice Magic
  3329 | D:4      | Found a staircase to the Ecumenical Temple.
  3338 | Temple   | Entered the Ecumenical Temple
  3345 | Temple   | Became a worshipper of Ashenzari the Shackled
  3374 | D:4      | Reached XP level 6. HP: 35/41 MP: 8/11
  3435 | D:4      | Found an iron altar of Okawaru.
  3441 | D:4      | Found an opulent altar of Gozag.
  3445 | D:4      | Found a deep blue altar of Sif Muna.
  3545 | D:4      | Reached skill level 1 in Charms
  3593 | D:4      | Found a glowing golden altar of the Shining One.
  3823 | D:4      | Identified the +2 rapier "Xuzefuce" {venom, Str-5 Dex+7}
  3940 | D:4      | Reached skill level 4 in Polearms
  4103 | D:4      | Found a transporter.
  4107 | D:4      | Noticed Hycrow's ghost (novice DsGl)
  4111 | D:4      | Found a transporter.
  4192 | D:5      | Entered Level 5 of the Dungeon
  4199 | D:5      | Reached skill level 4 in Spellcasting
  4199 | D:5      | Reached skill level 2 in Charms
  4204 | D:5      | Reached XP level 7. HP: 46/46 MP: 11/13
  4207 | D:5      | Noticed Dowan
  4224 | D:5      | Noticed Duvessa
  4296 | D:5      | Killed Dowan
  4303 | D:5      | HP: 10/46 [Duvessa/+0 rapier (8)]
  4312 | D:5      | Found Mauk's Food Emporium.
  4314 | D:5      | Killed Duvessa
  4314 | D:5      | Reached skill level 5 in Polearms
  4650 | D:5      | Reached skill level 3 in Charms
  4650 | D:5      | Reached skill level 6 in Ice Magic
  4963 | D:5      | Found a snail-covered altar of Cheibriados.
  4977 | D:5      | Reached XP level 8. HP: 37/53 MP: 15/15
  5172 | D:5      | Reached skill level 1 in Fighting
  5195 | D:5      | Reached skill level 6 in Polearms
  5195 | D:5      | Reached skill level 1 in Summonings
  5227 | D:5      | Reached * piety under Ashenzari
  5591 | D:6      | Reached skill level 5 in Spellcasting
  5850 | D:6      | Reached skill level 2 in Fighting
  5958 | D:6      | Reached skill level 2 in Summonings
  6400 | D:7      | Reached skill level 7 in Polearms
  6418 | D:7      | Reached skill level 3 in Fighting
  6769 | D:7      | Reached skill level 7 in Ice Magic
  6771 | D:7      | Noticed Harold
  6785 | D:7      | HP: 13/58 [centaur (4)]
  6792 | D:7      | Slain by Harold

Skill      XL: |  1  2  3  4  5  6  7  8 |
---------------+-------------------------+-----
Ice Magic      | 4 5 6 7 |  7.0
Polearms       | 1 2 3 4 5 7 |  7.3
Spellcasting   | 3 4 5 |  5.4
Charms         | 2 3 |  3.1
Fighting       | 3 |  3.0
Summonings     | 2 |  2.9
Dodging        | |  2.6
Stealth        | |  2.1
Conjurations   | |  0.7

Action                   |  1- 3 |  4- 6 |  7- 9 || total
-------------------------+-------+-------+-------++-------
Melee: Unarmed           |   182 |       |       ||   182
       Spear             |    37 |   190 |   267 ||   494
Throw: Stone             |    20 |       |       ||    20
 Cast: Freeze            |    31 |       |       ||    31
       Ozocubu's Armour  |       |     3 |     6 ||     9
       Summon Ice Beast  |       |       |     6 ||     6
Invok: Curse Item        |       |     2 |     4 ||     6
  Use: Scroll            |       |     6 |     1 ||     7
 Stab: Sleeping          |     3 |     4 |     5 ||    12
  Eat: Chunk             |     4 |     8 |    10 ||    22
Armor: Robe              |     6 |    41 |    58 ||   105
Dodge: Dodged            |    51 |    85 |   129 ||   265

Levels and vault maps discovered:
D:1:      roderic_crop_circles_arrival_small, layout_basic, lemuel_flame_loot_1
D:2:      layout_loops_cross
D:3:      layout_loops_ring, serial_undead, serial_undead_f, serial_undead_f,
          serial_undead_f, serial_undead_e
D:4:      layout_rooms, minitemple, minmay_temple_entry_drinking_statues,
          first_ration, gammafunk_ghost_smash, tso_metal_star
D:5:      layout_loops_ring, lemuel_crystal_altar, serial_shops,
          nicolae_shop_stone, uniq_duvessa
D:6:      layout_rooms
D:7:      layout_loops_cross, basic_altar, uniq_harold, uniq_prince_ribbit1,
          uniq_crazy_yiuf_cottage
Temple:   nicolae_temple_no_exploring_needed

Table legend:
 A = Turns spent in this place as a percentage of turns spent in the entire game.
 B = Non-inter-level travel turns spent in this place as a percentage of non-inter-level travel turns spent in the entire game.
 C = Inter-level travel turns spent in this place as a percentage of turns spent in this place.
 D = Turns resting spent in this place as a percentage of non-inter-level travel turns spent in this place.
 E = Turns spent auto-exploring this place as a percentage of non-inter-level travel turns spent in this place.
 F = Non-inter-level travel turns spent in this place divided by the number of levels of this place that you've seen.
                   A       B       C       D       E      F
               +-------+-------+-------+-------+-------+----------------------
         Total | 100.0 | 100.0 |   3.3 |  35.5 |  38.9 | 821.1
       Dungeon |  99.7 |  99.8 |   3.2 |  35.6 |  39.0 | 936.1
        Temple |   0.3 |   0.2 |  27.3 |   0.0 |   0.0 |  16.0
               +-------+-------+-------+-------+-------+----------------------

Table legend:
 A = Kills in this place as a percentage of kills in entire the game.
 B = Kills by you in this place as a percentage of kills by you in the entire game.
 C = Kills by friends in this place as a percentage of kills by friends in the entire game.
 D = Other kills in this place as a percentage of other kills in the entire game.
 E = Experience gained in this place as a percentage of experience gained in the entire game.
 F = Experience gained in this place divided by the number of levels of this place that you have seen.
                   A       B       C       D       E      F
               +-------+-------+-------+-------+-------+----------------------
         Total | 100.0 | 100.0 | 100.0 |   N/A | 100.0 | 292.8
       Dungeon | 100.0 | 100.0 | 100.0 |   N/A | 100.0 | 334.6
               +-------+-------+-------+-------+-------+----------------------
